 Dungeon Crawl Stone Soup version 0.31.0-32-g396128a36d (webtiles) character file.

Game seed: 13891791457589329121

5538 community the Arsonist (level 10, -5/83 HPs)
             Began as a White Draconian Fire Elementalist on Mar 19, 2024.
             Was a Priest of Vehumet.
             Slain by a two-headed ogre
             ... wielding a +0 giant club
              (9 damage)
             ... on level 8 of the Dungeon.
             The game lasted 00:20:27 (10093 turns).

community the Arsonist (DrFE)                      Turns: 10093, Time: 00:20:27

Health: -5/83      AC:  8    Str: 11    XL:     10   Next: 43%
Magic:  0/20       EV: 12    Int: 21    God:    Vehumet [***...]
Gold:   503        SH:  0    Dex: 10    Spells: 12/22 levels left

rFire   + + .        a - +10 dagger of Noliam {freeze, rC+ Will++ Int+2 Dex-2}
rCold   . . .        (no shield)
rNeg    . . .        (body armour unavailable)
rPois   .            (helmet restricted)
rElec   .            (no cloak)
rCorr   .            (no gloves)
SInv    .            p - +0 pair of boots
Will    ++...        (no amulet)
Stlth   ++           l - ring of fire
HPRegen 0.33/turn    f - ring of fire
MPRegen 0.17/turn

%: no passive effects
@: short of breath
A: breathe frost, AC +7, unfitting armour, cold resistance 1, cold-blooded
a: Breathe Frost, Renounce Religion


You were on level 8 of the Dungeon.
You worshipped Vehumet.
Vehumet was most pleased with you.
You visited 2 branches of the dungeon, and saw 9 of its levels.
You also visited: Bailey.

You collected 503 gold pieces.

Inventory:

Hand Weapons
 a - the +10 dagger of Noliam (weapon) {freeze, rC+ Will++ Int+2 Dex-2}
   (You found it on level 4 of the Dungeon)

   Int+2:     It affects your intelligence (+2).
   Dex-2:     It affects your dexterity (-2).
   rC+:       It protects you from cold.
   Will++:    It greatly increases your willpower.
Missiles
 c - 4 curare-tipped darts
 j - a throwing net
Armour
 p - a +0 pair of boots (worn)
 C - a +0 kite shield of cold resistance
Jewellery
 b - a ring of protection from fire
 f - a ring of fire (right hand)
 l - a ring of fire (left hand)
Wands
 v - a wand of roots (10)
 x - a wand of mindburst (21)
 D - a wand of paralysis (9)
Scrolls
 d - 4 scrolls of teleportation
 m - 2 scrolls of fog {unknown}
 q - a scroll of torment {unknown}
 t - 2 scrolls of acquirement {unknown}
 u - a scroll of amnesia {unknown}
 w - 2 scrolls of enchant armour {unknown}
 y - a scroll of silence {unknown}
 A - a scroll of enchant weapon {unknown}
 E - a scroll of butterflies {unknown}
Potions
 e - 2 potions of resistance
 g - 2 potions of cancellation {unknown}
 h - 5 potions of curing
 i - 4 potions of brilliance
 k - 3 potions of enlightenment {unknown}
 n - 4 potions of degeneration {unknown}
 o - 2 potions of might {unknown}
 r - 3 potions of mutation {unknown}
 s - a potion of magic
 z - 3 potions of ambrosia {unknown}
 B - 3 potions of heal wounds {unknown}


   Skills:
 * Level 6.0 Fighting
 - Level 0.2 Short Blades
 - Level 2.0 Dodging
 - Level 1.7 Stealth
 * Level 3.1 Shields
 + Level 6.8 Spellcasting
 * Level 6.7 Conjurations
 * Level 8.0 Fire Magic
 * Level 5.4 Ice Magic


You had 12 spell levels left.
You knew the following spells:

 Your Spells              Type           Power      Damage    Failure   Level
a - Foxfire               Conj/Fire      100%       2x1d9     1%          1
b - Scorch                Fire           100%       2d9       1%          2
c - Hailstorm             Conj/Ice       32%        3d8       1%          3
d - Flame Wave            Conj/Fire      72%        2d16      1%          4

Your spell library contained the following spells:

 Spells                   Type           Power      Damage    Failure   Level
 Stone Arrow              Conj/Erth      42%        3d9       1%          3
 Freeze                   Ice            100%       1d10      1%          1
 Shock                    Conj/Air       84%        1d8       1%          1
 Frozen Ramparts          Ice            60%        1d10      1%          3
 Inner Flame              Hex/Fire       52%        N/A       1%          3
 Volatile Blastmotes      Fire/Tloc      100%       2d18      1%          3
 Mephitic Cloud           Conj/Alch/Air  16%        N/A       3%          3
 Ensorcelled Hibernation  Hex/Ice        36%        N/A       4%          2
 Mercury Vapours          Alch/Air       14%        N/A       4%          2
 Freezing Cloud           Conj/Ice/Air   12%        6-21      13%         5
 Airstrike                Air            3%         2d(1-17)  22%         4
 Fugue of the Fallen      Necr           7%         N/A       26%         3
 Swiftness                Air            7%         N/A       26%         3
 Metabolic Englaciation   Hex/Ice        9%         N/A       63%         5
 Anguish                  Hex/Necr       3%         N/A       65%         4
 Leda's Liquefaction      Alch/Erth      3%         N/A       65%         4
 Petrify                  Alch/Erth      7%         N/A       65%         4


Dungeon Overview and Level Annotations

Branches:
Dungeon (8/15)             Temple (1/1) D:4          Bailey (visited)
   Lair: D:8-11

Altars:
Ashenzari
Cheibriados
Dithmenos
Elyvilon
Fedhas
Gozag
Hepliaklqana
Kikubaaqudgha
Makhleb
Nemelex Xobeh
Okawaru
Qazlal
Sif Muna
Trog
Uskayaw
Vehumet
Wu Jian
Xom
Yredelemnul
Zin
The Shining One

Shops:
D:4 :   D:5 ?


Innate Abilities, Weirdness & Mutations

You can breathe waves of freezing cold which knock back foes.
Your icy white scales are hard. (AC +7)
You cannot fit into any form of body armour.
Your flesh is cold resistant. (rC+)
You are cold-blooded and may be slowed by cold attacks.


Message History

The steam dragon bites you but does no damage.
The steam dragon closely misses you.
The forest fire spreads!
Why would you want to do that?
The crocodile attacks as it pursues you!
The crocodile closely misses you.
The steam dragon attacks as it pursues you!
The steam dragon barely misses you. The steam dragon misses you.
Casting: Scorch (safe; 1% risk of failure)
Confirm with . or Enter, or press ? or * to list all spells.
You feel a strong surge of power!
Flames lash the crocodile.
The crocodile is severely wounded.
The crocodile's fire resistance burns away.
The crocodile bites you! The steam dragon breathes steam at you.
The ball of steam hits you. You resist.
The crocodile attacks as it pursues you!
The crocodile closely misses you.
Casting: Scorch (safe; 1% risk of failure)
Confirm with . or Enter, or press ? or * to list all spells.
You feel a strong surge of power!
Flames lash the crocodile but do no damage.
The crocodile hisses menacingly.
The crocodile bites you. The steam dragon closely misses you. x2
Casting: Scorch (safe; 1% risk of failure)
Confirm with . or Enter, or press ? or * to list all spells.
Casting: Hailstorm (safe; 1% risk of failure)
Press: ? - help, Dir - look around, f - activate A cannonade of hail descends around you!
The hail pelts the two-headed ogre!
The two-headed ogre is almost dead.
The crocodile bites you! The steam dragon closely misses you.
The steam dragon claws you.
The crocodile is no longer more vulnerable to fire.
The two-headed ogre attacks as it pursues you!
The two-headed ogre hits you with a +0 giant club!!
* * * LOW HITPOINT WARNING * * *
The two-headed ogre barely misses you.
The two-headed ogre attacks as it pursues you!
The two-headed ogre hits you with a +0 giant club!
You die...

..♣≈....≈♣≈...♣#♣...≈♣≈....#♣..♣♣..
♣♣♣♣PP♣♣♣♣♣....♣...♣♣♣♣PPPP♣♣♣♣♣♣♣♣
#### ##.÷....♣# ######
♣♣♣...#.#..♣♣♣♣♣♣♣♣♣♣♣♣♣♣♣
#....≈≈≈≈≈....≈......≈≈≈$$
♣#...........≈.≈...≈..♣....
♣≈...[.)...#♣≈(.#.≈.♣[....
...≈♣≈.......#♣#.....≈♣.l♣...
♣...§♣.≈...@O♣#§§.♣..≈.♣v....
♣.P§..§§....l.D§#.♣..≈..♣:...
♣...§§§≈≈♣≈≈...§§§♣♣...≈≈...|
♣♣PP≈§♣♣♣♣♣♣♣♣♣≈§♣♣♣♣♣♣♣♣≈)$♣ #####
#### ♣♣♣


You could see a two-headed ogre, a crocodile and a steam dragon.

Vanquished Creatures
  Maggie (D:7)
  8 yaks (D:8)
  3 wyverns (D:8)
  2 steam dragons
  2 water moccasins
  A black bear (D:6)
  7 orc warriors (Bailey)
  2 ice beasts
  An ogre (D:5)
  A sky beast (D:7)
  A crocodile (D:8)
  A centaur (D:6)
  2 phantoms
  2 kobold brigands
  2 bullfrogs (D:8)
  A scorpion (D:5)
  Blork the orc (D:5)
  11 killer bees (D:8)
  A howler monkey (D:7)
  8 jellies
  2 sleepcaps
  4 hounds
  5 iguanas
  3 orc wizards
  Robin (D:2)
  3 gnolls (D:6)
  5 adders
  A dart slug (D:4)
  41 orcs
  2 ball pythons
  15 endoplasms
  2 giant cockroaches
  19 goblins
  4 hobgoblins
  3 quokkas
  2 bats (D:1)
  A frilled lizard (D:3)
  24 kobolds
  2 rats (D:1)
197 creatures vanquished.

Vanquished Creatures (collateral kills)
  2 foxfires (D:1)
2 creatures vanquished.

Vanquished Creatures (others)
  622 foxfires
622 creatures vanquished.

Grand Total: 821 creatures vanquished

Notes
Turn   | Place    | Note
-------+----------+-------------------------------------------
     0 | D:1      | community the Draconian Fire Elementalist began the quest
                  | for the Orb.
     0 | D:1      | Reached XP level 1. HP: 14/14 MP: 3/3
   294 | D:1      | Reached XP level 2. HP: 22/22 MP: 1/5
  1201 | D:2      | Reached XP level 3. HP: 27/27 MP: 2/6
  1279 | D:2      | Learned a level 2 spell: Scorch
  1430 | D:2      | Reached skill level 1 in Fighting
  1430 | D:2      | Reached skill level 4 in Fire Magic
  1430 | D:2      | Reached XP level 4. HP: 35/35 MP: 2/7
  1619 | D:2      | Noticed Robin
  1795 | D:3      | Identified the +1 leather armour "Woimeolele" {rElec Str+2}
  2742 | D:2      | Reached XP level 5. HP: 39/40 MP: 2/9
  2747 | D:2      | Killed Robin
  3235 | D:2      | Found a basalt altar of Yredelemnul.
  3235 | D:2      | Found an opulent altar of Gozag.
  3235 | D:2      | Found a blossoming altar of Fedhas.
  3235 | D:2      | Found a glowing silver altar of Zin.
  3235 | D:2      | Found a white marble altar of Elyvilon.
  3235 | D:2      | Found a glowing golden altar of the Shining One.
  3318 | D:4      | Reached skill level 5 in Fire Magic
  3362 | D:4      | Found a shadowy altar of Dithmenos.
  3378 | D:4      | Found a staircase to the Ecumenical Temple.
  3379 | D:4      | Noticed a phantom
  3393 | D:4      | Killed a phantom
  3394 | D:4      | Reached XP level 6. HP: 43/48 MP: 0/10
  3403 | Temple   | Entered the Ecumenical Temple
  3420 | Temple   | Became a worshipper of Vehumet
  3618 | D:4      | Identified the +10 dagger of Noliam {freeze, rC+ Will++
                  | Int+2 Dex-2}
  3935 | D:4      | Found Omnudotu's Book Boutique.
  4116 | D:4      | Learned a level 4 spell: Flame Wave
  4117 | D:5      | Entered Level 5 of the Dungeon
  4198 | D:5      | Found Ocamual's Magic Scroll Shoppe.
  4206 | D:5      | Noticed Blork the orc
  4701 | D:5      | Your scales start taking on an icy white colour.
  4701 | D:5      | Reduced skill Fire Magic to level 4
  4701 | D:5      | Reached XP level 7. HP: 56/56 MP: 8/12
  4701 | D:5      | Gained mutation: Your flesh is cold resistant. (rC+) [White
                  | Draconian growth]
  4880 | D:5      | Learned a level 3 spell: Hailstorm
  5130 | D:5      | Killed Blork the orc
  5131 | D:5      | Reached skill level 1 in Ice Magic
  5303 | D:6      | Reached skill level 5 in Fire Magic
  6023 | D:6      | Reached XP level 8. HP: 63/63 MP: 9/14
  6222 | D:6      | Reached * piety under Vehumet
  6222 | D:6      | Offered knowledge of Sandblast by Vehumet.
  6566 | D:7      | Noticed Maggie
  6965 | D:7      | Found a flagged portal.
  6975 | Bailey   | Entered a bailey
  7172 | Bailey   | Reached skill level 5 in Conjurations
  7172 | Bailey   | Reached skill level 6 in Fire Magic
  7427 | Bailey   | Reached skill level 5 in Spellcasting
  7629 | Bailey   | Reached XP level 9. HP: 72/72 MP: 9/16
  7886 | D:7      | Killed Maggie
  8174 | D:7      | Found a stormy altar of Qazlal.
  8200 | D:7      | Reached skill level 5 in Fighting
  8200 | D:7      | Reached skill level 1 in Shields
  8280 | D:7      | Reached ** piety under Vehumet
  8280 | D:7      | Offered knowledge of Kiss of Death by Vehumet.
  8665 | D:8      | Reached skill level 7 in Fire Magic
  8813 | D:7      | Found a shimmering altar of Xom.
  8813 | D:7      | Found a hazy altar of Hepliaklqana.
  8813 | D:7      | Found a glowing golden altar of the Shining One.
  9240 | D:8      | Offered knowledge of Stone Arrow by Vehumet.
  9345 | D:8      | Reached XP level 10. HP: 81/81 MP: 12/19
  9386 | D:8      | Reached skill level 5 in Ice Magic
  9536 | D:8      | Reached *** piety under Vehumet
  9776 | D:8      | Reached skill level 8 in Fire Magic
 10069 | D:8      | Noticed a two-headed ogre
 10092 | D:8      | HP: 3/83 [two-headed ogre/+0 giant club (25)]
 10093 | D:8      | Slain by a two-headed ogre

Illustrated notes

Levels and vault maps discovered:
D:1:      dpeg_arrival_erosion, layout_basic, serial_bayou,
          serial_bayou_lagoon_a, serial_bayou_lagoon_b, serial_bayou_crossing,
          serial_bayou_pond_e, st_stairs_14, nicolae_figureground_sparkle
D:2:      cheibrodos_fertilizer, layout_basic, uniq_robin
D:3:      layout_basic
D:4:      layout_basic, nicolae_dithmenos_the_darkroom,
          minmay_temple_entry_drinking_statues, serial_shops,
          nicolae_shop_peninsula
D:5:      layout_basic, serial_shops, shop, hangedman_decor_push,
          kennysheep_generic_room_12, uniq_blork_the_orc
D:6:      layout_cave_pods
D:7:      layout_gridville, nicolae_overflow_hidden_temple, enter_bailey_2,
          palyth_stone_intersect, minivault_25, dk_vineyard_2, uniq_maggie
D:8:      regret_index_malice_mire, layout_loops_ring, nicolae_ru_path_of_blood,
          eino_jars
Temple:   nicolae_temple_bog_church

Skill      XL: |  1  2  3  4  5  6  7  8  9 10 |
---------------+-------------------------------+-----
Fighting       | 1 2 3 4 5 6 |  6.0
Fire Magic     | 4 5 4 5 6 7 8 |  8.0
Conjurations   | 2 3 4 5 6 |  6.7
Spellcasting   | 3 4 5 6 |  6.8
Dodging        | 2 |  2.0
Ice Magic      | 1 3 4 5 |  5.4
Shields        | 2 3 |  3.1
Short Blades   | |  0.2
Stealth        | |  1.7

Action                     |  1- 3 |  4- 6 |  7- 9 | 10-12 || total
---------------------------+-------+-------+-------+-------++-------
  Melee: Unarmed           |     1 |       |       |       ||     1
         Short sword       |     4 |    15 |       |       ||    19
         Tailslap          |       |     2 |     1 |       ||     3
         Punch             |       |     1 |       |       ||     1
         Dagger            |       |     8 |    13 |     6 ||    27
   Cast: Foxfire           |    40 |    81 |   194 |    49 ||   364
         Scorch            |     3 |    12 |    37 |    27 ||    79
         Hailstorm         |       |       |    14 |     2 ||    16
         Flame Wave        |       |       |    15 |     2 ||    17
Ability: Breathe Frost     |       |       |     6 |     2 ||     8
    Use: Scroll            |       |     3 |     3 |       ||     6
 Armour: Skin              |     6 |    23 |    51 |    14 ||    94
  Dodge: Dodged            |     3 |    12 |    38 |    16 ||    69
